 Dungeon Crawl Stone Soup version 0.18.2-3-g5ac21b8443 (webtiles) character file.

19127 anksol the Fencer (level 12, -4/88 HPs)
             Began as a High Elf Fighter on Feb 1, 2022.
             Was a High Priest of Okawaru.
             Killed from afar by a starcursed mass (9 damage)
             ... with an accursed screaming
             ... on level 1 of the Abyss.
             The game lasted 00:45:25 (14465 turns).

anksol the Fencer (High Elf Fighter)               Turns: 14465, Time: 00:45:26

Health: -4/88      AC: 19    Str: 23 (24) XL:     12   Next: 33%
Magic:  28/28      EV: 12    Int: 12 (17) God:    Okawaru [*****.]
Gold:   534        SH:  0    Dex: 15      Spells: 0 memorised, 11 levels left

rFire  . . .     SeeInvis .     H - +9 long sword (vamp)
rCold  . . .     Gourm    .     J - +7 chain mail of Truth {+Inv MP+9 Str+5 Int+3}
rNeg   . . .     Faith    .     i - +0 buckler
rPois  .         Spirit   .     (helmet restricted)
rElec  .         Dismiss  .     m - +0 cloak
rCorr  .         Reflect  .     L - +0 pair of gloves
SustAt .         Harm     .     Q - +0 pair of boots (curse)
MR     +....                    (no amulet)
Stlth  ..........               (no ring)
                                (no ring)

@: confused, somewhat resistant to hostile enchantments, extremely unstealthy
A: horns 1, deterioration 1, subdued magic 1, MP-powered wands
a: Heroism, Finesse, Renounce Religion, Evoke Invisibility


You were on level 1 of the Abyss.
You worshipped Okawaru.
Okawaru was extremely pleased with you.
You were not hungry.

You visited 3 branches of the dungeon, and saw 13 of its levels.
You visited the Abyss 1 time.
You also visited: Bailey.

You collected 624 gold pieces.
You spent 90 gold pieces at shops.

Inventory:

Hand Weapons
 H - a +9 vampiric long sword (weapon)
 U - a +4 scimitar of freezing
 W - a +2 scimitar of flaming
Missiles
 a - 9 tomahawks (quivered)
 B - 173 stones
 O - a tomahawk of returning
Armour
 c - a +0 shield
 e - a +3 chain mail of cold resistance
 i - a +0 buckler (worn)
 m - a +0 cloak (worn)
 J - the +7 chain mail of Truth (worn) {+Inv MP+9 Str+5 Int+3}
   (You found it on level 8 of the Dungeon)

   It affects your strength (+5).
   It affects your intelligence (+3).
   It affects your magic capacity (+9).
   It lets you turn invisible.
 L - a +0 pair of gloves (worn)
 Q - a cursed +0 pair of boots (worn)
Jewellery
 A - an uncursed ring of fire
 R - an uncursed ring of ice
Wands
 d - a wand of confusion (46/48)
 v - a wand of random effects (28/48)
 x - a wand of acid (2/15)
 D - a wand of flame (18/48)
 G - a wand of flame (8/48)
Scrolls
 g - 5 scrolls of remove curse
 h - 2 scrolls of identify
 l - 3 scrolls of amnesia
 n - 2 scrolls of blinking
 s - a scroll of immolation
 w - 2 scrolls of enchant weapon
 C - 3 scrolls of teleportation
 E - a scroll of recharging
 K - a scroll of fear
 N - 3 scrolls of fog
 S - a scroll of magic mapping
 V - a scroll of holy word {unknown}
Potions
 j - a potion of magic
 o - 2 potions of haste
 p - 3 potions of lignification
 q - 2 potions of brilliance
 u - a potion of might
 z - 2 potions of flight
 Y - a potion of agility {unknown}
Books
 y - a book of Cantrips

   Spells                             Type                      Level
   a - Corona                         Hexes                        1
   b - Animate Skeleton               Necromancy                   1
   c - Summon Small Mammal            Summoning                    1
   d - Apportation                    Translocation                1
 I - a book of Frost

   Spells                             Type                      Level
   a - Freeze                         Ice                          1
   b - Throw Frost                    Conjuration/Ice              2
   c - Ozocubu's Armour               Charms/Ice                   3
   d - Throw Icicle                   Conjuration/Ice              4
   e - Summon Ice Beast               Ice/Summoning                4
 M - a book of Debilitation

   Spells                             Type                      Level
   a - Corona                         Hexes                        1
   b - Slow                           Hexes                        2
   c - Gell's Gravitas                Hexes/Translocation          3
   d - Inner Flame                    Hexes/Fire                   3
   e - Cause Fear                     Hexes                        4
   f - Leda's Liquefaction            Hexes/Earth                  4
 P - a book of Summonings

   Spells                             Type                      Level
   a - Recall                         Summoning/Translocation      3
   b - Aura of Abjuration             Summoning                    5
   c - Summon Demon                   Summoning                    5
   d - Summon Forest                  Summoning/Translocation      5
   e - Summon Mana Viper              Hexes/Summoning              5
   f - Shadow Creatures               Summoning                    6
Comestibles
 b - 4 royal jellies
 f - 9 bread rations
 k - 11 fruits
 r - 3 slices of pizza
 T - 2 beef jerkies


   Skills:
 + Level 10.5 Fighting
 - Level 15.0 Long Blades
 - Level 2.6 Armour
 + Level 8.0 Dodging
 + Level 5.9 Shields
 - Level 8.3 Invocations
 + Level 2.2 Evocations


You had 11 spell levels left.
You didn't know any spells.

Dungeon Overview and Level Annotations

Branches:
Dungeon (11/15)            Temple (1/1) D:6            Lair (1/8) D:11
    Orc: D:9-12

Altars:
Ashenzari
Cheibriados
Dithmenos
Elyvilon
Fedhas
Gozag
Kikubaaqudgha
Makhleb
Nemelex Xobeh
Okawaru
Pakellas
Qazlal
Ru
Trog
Vehumet
Xom
Yredelemnul
Zin
The Shining One

Shops:
D:8 [   D:9 }   D:10 ?%}?

Annotations:
Lair:1 Sonja


Innate Abilities, Weirdness & Mutations

You have a pair of small horns on your head.
Your body sometimes deteriorates upon taking damage.
Your spells are a little easier to cast, but a little less powerful.
You expend magic power (3 MP) to strengthen your wands.


Message History

A starcursed mass splits.
You slice the starcursed mass!! You headbutt the starcursed mass.
The starcursed mass is heavily damaged.
The starcursed mass shudders and withdraws towards its neighbour.
You slice the starcursed mass!!
You headbutt the starcursed mass, but do no damage.
The starcursed mass is severely damaged.
The starcursed mass shudders and is absorbed by its neighbour.
A starcursed mass splits.
A starcursed mass splits.
A chorus of shrieks assaults your mind.
* * * LOW HITPOINT WARNING * * *
You slash the starcursed mass!
The starcursed mass is severely damaged.
The starcursed mass shudders and is absorbed by its neighbour.
Drink which item? (? for menu, Esc to quit)
You are confused.
You feel invigorated.
A starcursed mass splits.
A chorus of shrieks assaults your mind.
You die...

.# .# .##
.. #### #..
# #.##.##
###.@...#
##XX##..#.#
##.#.#....
.#X.#
#....#
.#.X#.#
..... ## ##
##.......#
.#.. # . #
#.. #.# . #
. ... #. #
# ..# #. #
# .. ##.
#.#


You could see 2 starcursed masses.

Vanquished Creatures
  Erolcha (D:9)
  Fannar (D:11)
  Erica (D:11)
  4 unseen horrors
  3 hill giants
  A deep elf mage (D:8)
  2 manticores (D:11)
  5 ugly things
  An elephant (D:11)
  A cyclops (D:8)
  A worldbinder (Abyss:1)
  A spiny frog (Lair:1)
  A freezing wraith (Abyss:1)
  The ghost of Kurba the Magician, a novice HEFE of Sif Muna (D:5)
  A troll (D:7)
  The ghost of BrandedWarrior the Vandal, an amateur HaHu (D:4)
  2 large abominations (Abyss:1)
  2 wyverns
  A hippogriff (D:8)
  2 hungry ghosts (D:10)
  5 yaks (Lair:1)
  A neqoxec (Abyss:1)
  A water moccasin (D:5)
  A black bear (D:8)
  2 orc warriors
  4 ice beasts
  3 sky beasts
  2 wasps
  5 ogres
  5 necrophages (D:11)
  A phantom (D:11)
  5 centaurs
  A small abomination (Abyss:1)
  4 crocodiles
  5 giant frogs
  2 scorpions
  3 jellies
  8 killer bees
  5 wights
  2 spriggan skeletons (D:10)
  5 howler monkeys
  A giant frog zombie (D:4)
  7 crimson imps
  4 centaur skeletons
  6 orc priests
  6 hounds
  7 orc wizards
  3 giant frog skeletons
  2 iguanas (D:4)
  Ijyb (D:1)
  11 worker ants
  A sheep (D:11)
  A hound zombie (D:11)
  2 howler monkey zombies
  3 worker ant zombies (D:11)
  3 gnolls (D:9)
  A howler monkey skeleton (D:11)
  14 adders
  6 river rats (Lair:1)
  A shadow imp (D:10)
  2 oozes
  An adder skeleton (D:4)
  4 worms
  4 dart slugs
  2 giant geckos
  49 orcs
  6 bats
  6 giant cockroaches
  12 goblins
  11 hobgoblins
  17 jackals
  7 kobolds
  3 quokkas
  2 ball pythons (D:3)
  8 giant newts
  2 quokka skeletons (D:4)
  A quokka zombie (D:9)
  6 rats
  A bush (D:11)
327 creatures vanquished.

Vanquished Creatures (others)
  4 plants (D:11)
4 creatures vanquished.

Grand Total: 331 creatures vanquished

Notes
Turn   | Place    | Note
--------------------------------------------------------------
     0 | D:1      | anksol the High Elf Fighter began the quest for the Orb.
     0 | D:1      | Reached XP level 1. HP: 16/16 MP: 2/2
   231 | D:1      | Reached XP level 2. HP: 18/21 MP: 3/3
   299 | D:1      | Reached skill level 3 in Long Blades
   535 | D:1      | Reached XP level 3. HP: 25/26 MP: 4/4
   922 | D:1      | Reached skill level 4 in Long Blades
  1442 | D:2      | Reached XP level 4. HP: 33/33 MP: 5/5
  1536 | D:2      | Noticed Ijyb
  1569 | D:1      | Killed Ijyb
  1714 | D:2      | Reached skill level 5 in Long Blades
  2179 | D:3      | Reached XP level 5. HP: 37/37 MP: 6/6
  2702 | D:3      | Found a faded altar to an unknown god.
  2848 | D:4      | Noticed an ogre
  2890 | D:4      | Gained mutation: You have a pair of small horns on your head. [potion of beneficial mutation]
  3250 | D:4      | Killed an ogre
  3250 | D:4      | Reached skill level 6 in Long Blades
  3250 | D:4      | Reached XP level 6. HP: 19/45 MP: 7/7
  3445 | D:4      | Noticed BrandedWarrior's ghost (amateur HaHu)
  3565 | D:4      | Reached skill level 5 in Fighting
  3565 | D:4      | Reached skill level 7 in Long Blades
  4177 | D:4      | Reached XP level 7. HP: 43/50 MP: 8/8
  4336 | D:4      | Killed BrandedWarrior's ghost
  4336 | D:4      | Reached skill level 8 in Long Blades
  4393 | D:4      | Found a snail-covered altar of Cheibriados.
  4393 | D:4      | Found a shattered altar of Ashenzari.
  4394 | D:4      | Found a shimmering altar of Xom.
  4726 | D:5      | Entered Level 5 of the Dungeon
  4862 | D:5      | Noticed Kurba's ghost (novice HEFE)
  4884 | D:5      | Killed Kurba's ghost
  4884 | D:5      | Reached skill level 9 in Long Blades
  4884 | D:5      | Reached XP level 8. HP: 37/57 MP: 9/9
  5839 | D:5      | Reached skill level 10 in Long Blades
  6314 | D:6      | Found a staircase to the Ecumenical Temple.
  6319 | Temple   | Entered the Ecumenical Temple
  6419 | Temple   | Became a worshipper of Warmaster Okawaru
  6502 | D:6      | Reached skill level 1 in Invocations
  6922 | D:6      | Reached XP level 9. HP: 48/64 MP: 11/11
  7432 | D:6      | Reached skill level 11 in Long Blades
  7566 | D:6      | Reached * piety under Okawaru
  8028 | D:7      | Found a radiant altar of Vehumet.
  9102 | D:8      | Found an oddly glowing altar of Pakellas.
  9189 | D:8      | Noticed a brown ugly thing
  9191 | D:8      | Noticed a troll
  9216 | D:8      | Killed an unseen horror
  9216 | D:8      | Reached ** piety under Okawaru
  9216 | D:8      | Reached skill level 12 in Long Blades
  9221 | D:8      | Found Irig's Antique Armour Shop.
  9232 | D:8      | Noticed a deep elf mage
  9427 | D:8      | Noticed a cyclops
  9708 | D:7      | Killed a troll
  9708 | D:7      | Reached XP level 10. HP: 35/72 MP: 14/14
  9969 | D:8      | Killed a deep elf mage
  9980 | D:8      | Killed a brown ugly thing
  9980 | D:8      | Reached *** piety under Okawaru
  9980 | D:8      | Reached skill level 5 in Invocations
 10114 | D:8      | Found a sparkling altar of Nemelex Xobeh.
 10115 | D:8      | Found an opulent altar of Gozag.
 10305 | D:8      | Killed an unseen horror
 10305 | D:8      | Reached skill level 13 in Long Blades
 10344 | D:8      | Killed a cyclops
 10388 | D:8      | Got a faintly glowing chain mail
 10399 | D:8      | Identified the +7 chain mail of Truth {+Inv MP+9 Str+5 Int+3} (You found it on level 8 of the Dungeon)
 10713 | D:9      | Reached **** piety under Okawaru
 10957 | D:9      | Noticed a hill giant
 10965 | D:9      | Killed a hill giant
 10978 | D:9      | Found Mauqo's Gadget Boutique.
 11061 | D:9      | Noticed Erolcha
 11076 | D:9      | Killed Erolcha
 11076 | D:9      | Reached skill level 5 in Dodging
 11076 | D:9      | Reached XP level 11. HP: 71/80 MP: 16/16
 11245 | D:9      | Reached skill level 14 in Long Blades
 11308 | D:10     | Entered Level 10 of the Dungeon
 11308 | D:10     | Found Raruhebb's Gadget Shoppe.
 11314 | D:10     | Found a flagged portal.
 11324 | Bailey   | Entered a bailey
 11348 | Bailey   | Noticed an orc knight
 11353 | Bailey   | Noticed an orc knight
 11359 | Bailey   | Noticed an orc knight
 11430 | D:10     | Found Wud Goh's Magic Scroll Shoppe.
 11571 | D:10     | Found a snail-covered altar of Cheibriados.
 11686 | D:10     | Killed an unseen horror
 11686 | D:10     | Reached ***** piety under Okawaru
 11781 | D:10     | Found Usir's Magic Scroll Boutique.
 11784 | D:10     | Bought a scroll of blinking for 90 gold pieces
 12048 | D:10     | Found Tolac's Food Boutique.
 12063 | D:10     | Received a gift from Okawaru
 12187 | D:10     | Killed an unseen horror
 12330 | D:11     | Noticed a hill giant
 12330 | D:11     | Noticed a purple ugly thing
 12333 | D:11     | Noticed a brown ugly thing
 12337 | D:10     | Killed a hill giant
 12448 | D:11     | Noticed Fannar
 12700 | D:11     | Killed Fannar
 12853 | D:11     | Killed a purple ugly thing
 12863 | D:11     | Killed a brown ugly thing
 12863 | D:11     | Reached skill level 15 in Long Blades
 12992 | D:11     | Noticed a green ugly thing
 12999 | D:11     | Killed a green ugly thing
 13040 | D:11     | Found a staircase to the Lair.
 13188 | D:11     | Noticed a hill giant
 13200 | D:11     | Killed a hill giant
 13200 | D:11     | Received a gift from Okawaru
 13200 | D:11     | Reached skill level 10 in Fighting
 13200 | D:11     | Reached skill level 5 in Shields
 13261 | D:11     | Noticed a white ugly thing
 13267 | D:11     | Killed a white ugly thing
 13267 | D:11     | Reached XP level 12. HP: 36/87 MP: 19/19
 13701 | D:11     | Noticed Erica
 13702 | D:11     | Found a blossoming altar of Fedhas.
 13714 | D:11     | Killed Erica
 13894 | Lair:1   | Entered Level 1 of the Lair of Beasts
 14017 | Lair:1   | Reached skill level 1 in Evocations
 14120 | Lair:1   | Noticed Sonja
 14141 | Lair:1   | Cast into level 1 of the Abyss (Sonja)
 14226 | Abyss:1  | Noticed a vampire mage
 14270 | Abyss:1  | Gained mutation: You expend magic power (3 MP) to strengthen your wands. [a neqoxec]
 14272 | Abyss:1  | Gained mutation: Your body sometimes deteriorates upon taking damage. [a neqoxec]
 14283 | Abyss:1  | Gained mutation: Your spells are a little easier to cast, but a little less powerful. [a neqoxec]
 14319 | Abyss:1  | Found a corrupted altar of Lugonu.
 14445 | Abyss:1  | Noticed a starcursed mass
 14463 | Abyss:1  | HP: 1/88 [starcursed mass/accursed screaming (8)]
 14465 | Abyss:1  | Killed from afar by a starcursed mass

Skill      XL: |  1  2  3  4  5  6  7  8  9 10 11 12 |
---------------+-------------------------------------+-----
Long Blades    | 3 4 5 6 7 9 10 12 13 15 | 15.0
Fighting       | 4 5 6 7 8 9 10 | 10.5
Shields        | 3 4 5 |  5.9
Invocations    | 1 4 6 8 |  8.3
Dodging        | 2 5 7 8 |  8.0
Evocations     | 2 |  2.2
Armour         | |  2.6

Action                   |  1- 3 |  4- 6 |  7- 9 | 10-12 || total
-------------------------+-------+-------+-------+-------++-------
Melee: Long sword        |   139 |   208 |   456 |   490 ||  1293
       Headbutt          |       |    24 |    99 |   132 ||   255
 Fire: Blowgun           |       |    36 |    17 |       ||    53
Throw: Stone             |       |    10 |     3 |       ||    13
       Tomahawk          |       |       |       |     4 ||     4
Invok: Heroism           |       |       |     1 |     6 ||     7
       Finesse           |       |       |       |     2 ||     2
Evoke: Wand              |       |       |     4 |     4 ||     8
  Use: Scroll            |     1 |     8 |     9 |     6 ||    24
       Potion            |       |     1 |     4 |     2 ||     7
 Stab: Confused          |       |       |     3 |       ||     3
  Eat: Chunk             |     2 |     9 |    12 |     7 ||    30
       Meat ration       |       |       |     1 |     2 ||     3
       Bread ration      |       |       |       |     3 ||     3
Armor: Scale mail        |    62 |    41 |       |       ||   103
       Chain mail        |       |    50 |   258 |   243 ||   551
Dodge: Dodged            |    33 |    44 |   123 |   164 ||   364
Block: Shield            |    70 |    52 |       |       ||   122
       Buckler           |       |    13 |   114 |    96 ||   223
